 Dungeon Crawl Stone Soup version 0.31.0-11-ge490571c62 (webtiles) character file.

Game seed: 6362969542396927511

179 qw the Ducker (level 5, -2/26 HPs)
             Began as a Spriggan Hunter on Feb 3, 2024.
             Was an Initiate of Okawaru.
             Frozen to death by an endoplasm (5 damage)
             ... on level 4 of the Dungeon.
             The game lasted 00:00:08 (1836 turns).

qw the Ducker (Spriggan Hunter)                     Turns: 1836, Time: 00:00:08

Health: -2/26      AC: 11    Str:  6 (7)  XL:     5   Next: 33%
Magic:  6/6        EV: 16    Int: 11 (13) God:    Okawaru [......]
Gold:   96         SH:  5    Dex: 21      Spells: 4/4 levels left

rFire   . . .        a - +1 shortbow
rCold   . . .        (shield currently unavailable)
rNeg    . . .        n - +0 swamp dragon scales
rPois   +            (helmet restricted)
rElec   .            (no cloak)
rCorr   .            (gloves unavailable)
SInv    +            (boots unavailable)
Will    +....        e - amulet of reflection
Stlth   ++           k - ring of willpower
HPRegen 0.24/turn    b - ring "Seq Xouf" {AC+4 Int+3}
MPRegen 0.10/turn

%: reflection
@: very quick
A: very small, no large weapons, unfitting armour, see invisible, speed 3
a: Renounce Religion


You were on level 4 of the Dungeon.
You worshipped Okawaru.
Okawaru was noncommittal.
You visited 1 branch of the dungeon, and saw 4 of its levels.

You collected 206 gold pieces.
You spent 110 gold pieces at shops.


Innate Abilities, Weirdness & Mutations

You are very small and have problems with some larger weapons.
You are too small for most types of armour.
You have supernaturally acute eyesight. (SInv)
You cover ground extremely quickly. (Speed+++)


   Skills:
 - Level 2.2 Fighting
 + Level 5.3 Ranged Weapons
 - Level 5.3 Dodging
 - Level 1.5 Stealth


You had 4 spell levels left.
You didn't know any spells.
Your spell library was empty.

Inventory:

Hand Weapons
 a - a +1 shortbow (weapon)
Armour
 n - +0 swamp dragon scales (worn)
Jewellery
 b - the ring "Seq Xouf" (right hand) {AC+4 Int+3}
   (You acquired it on level 1 of the Dungeon)

   [ring of protection]

   AC+4:      It affects your AC (+4).
   Int+3:     It affects your intelligence (+3).
 d - a ring of ice
 e - an amulet of reflection (around neck)
 i - a +6 ring of strength
 k - a ring of willpower (left hand)
Scrolls
 c - a scroll of amnesia {unknown}
 m - a scroll of revelation {unknown}
Potions
 f - 3 potions of curing
 g - 2 potions of haste
 h - 2 potions of enlightenment
 j - 2 potions of might
 l - a potion of heal wounds {unknown}

Dungeon Overview and Level Annotations

Branches:
Dungeon (4/15)
 Temple: D:4-7

Altars:
Gozag
Hepliaklqana
Okawaru

Shops:
D:3 !


Message History

The gnoll is severely wounded.
The endoplasm barely misses you. The hobgoblin barely misses you.
The gnoll misses you.
You shoot an arrow.
The arrow hits the gnoll but does no damage.
The gnoll is severely wounded.
The endoplasm freezes you.
You are frozen.
You block the gnoll's attack. The hobgoblin completely misses you.
You shoot an arrow. The arrow closely misses the gnoll.
You block the endoplasm's attack. The gnoll completely misses you.
The hobgoblin barely misses you.
The hobgoblin hits you but does no damage.
The endoplasm closely misses you. The gnoll misses you.
You shoot an arrow. The arrow hits the gnoll!
You kill the gnoll!
Okawaru accepts your kill.
The endoplasm hits you but does no damage.
The hobgoblin barely misses you.
You shoot an arrow. The arrow hits the gnoll!
The gnoll is almost dead.
The hobgoblin hits you but does no damage.
The endoplasm freezes you.
You are frozen.
You block the gnoll's attack. The hobgoblin closely misses you.
The gnoll barely misses you. The endoplasm misses you.
You shoot an arrow. The arrow barely misses the gnoll.
The endoplasm closely misses you. You block the hobgoblin's attack.
The gnoll misses you.
You shoot an arrow. The arrow closely misses the gnoll.
The endoplasm misses you.
The hobgoblin hits you but does no damage.
The gnoll completely misses you.
You shoot an arrow. The arrow hits the gnoll.
You kill the gnoll!
Okawaru accepts your kill. The endoplasm freezes you.
You are frozen.
The hobgoblin completely misses you. The endoplasm freezes you.
You are frozen.
You die...

.. .. .. .#
## .# #..
.# #..###$#
#.J@#
##.#gS.....
#.#.###.##
#.#.#
##.#.#
#..#.#
#.##$. #.#
## #.#


You could see an adder, an endoplasm and a hobgoblin.

Vanquished Creatures
  A hound (D:3)
  An orc wizard (D:4)
  4 gnolls (D:4)
  3 adders
  2 ribbon worms (D:2)
  4 orcs
  4 endoplasms
  2 giant cockroaches (D:1)
  4 goblins
  6 hobgoblins
  3 jackals
  2 quokkas (D:3)
  4 ball pythons
  5 bats
  8 frilled lizards
  8 kobolds
  A rat (D:3)
62 creatures vanquished.

Notes
Turn   | Place    | Note
-------+----------+-------------------------------------------
     0 | D:1      | qw the Spriggan Hunter began the quest for the Orb.
     0 | D:1      | Reached XP level 1. HP: 10/10 MP: 2/2
     0 | D:1      | 0 ||| qw: Version: 0.3-a-157-g843a77d
     0 | D:1      | 0 ||| qw: Game counter: 3754
     0 | D:1      | 0 ||| qw: Melee chars always use a shield: true
     0 | D:1      | 0 ||| qw: God list: Okawaru
     0 | D:1      | 0 ||| qw: Allow faded altars: false
     0 | D:1      | 0 ||| qw: Do Orc after clearing Dungeon:15 true
     0 | D:1      | 0 ||| qw: Do second Lair branch before Depths: true
     0 | D:1      | 0 ||| qw: Lair rune preference: random
     0 | D:1      | 0 ||| qw: Goals: Normal
     0 | D:1      | 0 ||| PLANNING D:1-11
    41 | D:1      | Reached skill level 3 in Dodging
    55 | D:1      | You fall into a shaft and drop 1 floor!
    60 | D:2      | 60 ||| DROPPING scroll of butterflies.
    83 | D:1      | Reached XP level 2. HP: 14/14 MP: 3/3
   270 | D:1      | Found a faded altar of an unknown god.
   409 | D:1      | Reached XP level 3. HP: 14/18 MP: 4/4
   428 | D:1      | 428 ||| UPGRADING to amulet of reflection.
   433 | D:1      | 433 ||| UPGRADING to ring of willpower.
   434 | D:1      | 434 ||| READING scroll labelled WEABOA OCIH.
   434 | D:1      | Identified a scroll of acquirement
   434 | D:1      | 434 ||| ACQUIRING ring "Seq Xouf" {AC+4 Int+3}
   434 | D:1      | Acquired the ring "Seq Xouf" {AC+4 Int+3}
   436 | D:1      | 436 ||| UPGRADING to ring "Seq Xouf" {AC+4 Int+3}.
   437 | D:1      | 437 ||| READING scroll labelled PIFRAFO BURCHAM.
   438 | D:1      | 438 ||| READING scroll labelled DUOLIJ QIDDESM.
   438 | D:1      | 438 ||| ENCHANTING +0 shortbow.
   439 | D:1      | 439 ||| READING 2 scrolls labelled SOMOEN CUAH.
   439 | D:1      | 439 ||| IDENTIFYING 2 ruby potions
   440 | D:1      | 440 ||| READING scroll of identify.
   440 | D:1      | 440 ||| IDENTIFYING 2 blue potions
   441 | D:1      | 441 ||| DRINKING 2 amethyst potions.
   442 | D:1      | 442 ||| DROPPING potion of degeneration.
   558 | D:2      | Found a hazy altar of Hepliaklqana.
  1126 | D:2      | 1126 ||| DRINKING 2 sedimented emerald potions.
  1174 | D:3      | Found Uwkeketi's Distillery.
  1182 | D:3      | 1182 ||| BUYING potion of haste (110 gold).
  1182 | D:3      | Bought a potion of haste for 110 gold pieces
  1182 | D:3      | 1182 ||| SHOPLISTING potion of heal wounds (55 gold, have
                  | 42).
  1182 | D:3      | 1182 ||| SHOPLISTING potion of mutation (88 gold, have 42).
  1212 | D:3      | Reached XP level 4. HP: 22/22 MP: 5/5
  1304 | D:3      | Found an iron altar of Okawaru.
  1305 | D:3      | 1305 ||| PLANNING OKAWARU WORSHIP
  1305 | D:3      | 1305 ||| DRINKING 2 bubbling white potions.
  1312 | D:3      | Became a worshipper of Warmaster Okawaru
  1313 | D:3      | 1313 ||| PLANNING D:1-11
  1648 | D:3      | 1648 ||| UPGRADING to +0 swamp dragon scales.
  1658 | D:3      | 1658 ||| DROPPING +0 robe.
  1659 | D:3      | 1659 ||| READING scroll labelled YTAETA ZAEDGH.
  1744 | D:4      | Found an opulent altar of Gozag.
  1809 | D:4      | Reached XP level 5. HP: 26/26 MP: 6/6
  1833 | D:4      | HP: 3/26 [frozen (5)]
  1836 | D:4      | Frozen to death by an endoplasm

Levels and vault maps discovered:
D:1:      eino_arrival_cavern_d, layout_rooms, chequers_ecumenical_altar_island,
          minmay_split_cup_large
D:2:      layout_basic, basic_altar
D:3:      layout_rooms, mainiacjoe_overflow_small_starburst, serial_shops, shop
D:4:      layout_loops_ring, nicolae_gozag_seed_capital, st_stairs_6

Skill      XL: |  1  2  3  4 |
---------------+-------------+-----
Dodging        | 3 4 5 |  5.3
Ranged Weapons | 5 |  5.3
Fighting       | 2 |  2.2
Stealth        | |  1.5

Action                     |  1- 3 |  4- 6 || total
---------------------------+-------+-------++-------
   Fire: Shortbow          |    94 |    76 ||   170
    Use: Scroll            |     5 |     1 ||     6
         Potion            |     2 |     1 ||     3
 Armour: Robe              |     9 |       ||     9
         Swamp dragon scal |       |    24 ||    24
  Dodge: Dodged            |    41 |    57 ||    98
  Block: Other             |     5 |    16 ||    21

Table legend:
 A = Non-vault XP
 B = Vault XP
 C = Vault XP percentage of total XP
 D = Non-vault monster count
 E = Vault monster count
 F = Vault count percentage of total count
                 A         B        C        D         E       F
            +---------+---------+-------+---------+---------+-------
      Total |     262 |       9 |   3.3 |      57 |       5 |   8.1
            +---------+---------+-------+---------+---------+-------
        D:1 |      34 |       9 |  20.9 |      23 |       5 |  17.9
        D:2 |      42 |       0 |   0.0 |       8 |       0 |   0.0
        D:3 |      84 |       0 |   0.0 |      16 |       0 |   0.0
        D:4 |     102 |       0 |   0.0 |      10 |       0 |   0.0
            +---------+---------+-------+---------+---------+-------
